cohdb
Replays
Latest Replays
All Replays
Popular Replays
Top Player Replays
Match Explorer
How It Works
Community
CoH3 Stats
Reddit
Sign in to upload your games and track your stats! →
Sign in with Steam
Match 35518689
Unlisted
Match 35518689
Overview
Messages
Build Orders
End
Construct Barracks
Selects Armored Battlegroup
Selects Veteran Crews
Riflemen Squad
Riflemen Squad
Riflemen Squad
Mechanized Support Center
Construct Weapon Support Center
M3 Armored Personnel Carrier
Grenade Package
M1919 Machine Gun Team
M1 Mortar Team
Selects Strength in Steel
M3 Armored Personnel Carrier
M3 Armored Personnel Carrier
M3 75 mm Gun Motor Carriage
Selects M31 Recovery Vehicle
Selects War Machine
AI Takeover
NSR
Helioswine
Elphet
matrix4x4
Bc124
Minboycrash_6464
0
0
Comments
sign in to comment!
No comments posted yet!